 Dungeon Crawl Stone Soup version 0.25-a0-285-gcba6f664f8 (webtiles) character file.

Game seed: 9725760819574145870, levelgen mode: deterministic

76696 floatRand the Fighter (level 15, -3/136 HPs)
             Began as a Grey Draconian Assassin on Dec 11, 2019.
             Was the Champion of Ru.
             Slain by a vault guard
             ... wielding a +0 war axe
              (10 damage)
             ... on level 13 of the Dungeon.
             The game lasted 00:42:32 (29351 turns).

floatRand the Fighter (Grey Draconian Assassin)    Turns: 29351, Time: 00:42:33

Health: -3/136     AC: 15    Str: 18    XL:     15   Next: 13%
Magic:  10/15      EV: 19    Int: 14    God:    Ru [******]
Gold:   1558       SH: 12    Dex: 18    Spells: 14/14 levels left

rFire    x . .     SeeInvis .   L - +4 scimitar (flame)
rCold    . . .     Gourm    .   M - +0 shield
rNeg     + . .     Faith    .   (armour unavailable)
rPois    .         Spirit   .   (helmet restricted)
rElec    .         Reflect  .   N - scarf {cloud immunity}
rCorr    .         Harm     .   I - +0 pair of gloves (curse)
MR       +....                  (no boots)
Stlth    ++++++....             T - amulet of magic regeneration
HPRegen  0.32/turn              b - ring "Jasyapp" {rC+ Str+4 Dex+2}
MPRegen  0.39/turn              h - ring "Soiriblo" {*Drain rN+ Slay+3 Stlth+}

@: exhausted, studying Necromancy, drained
A: walk through water, unfitting armour, unbreathing, cold-blooded, inability to
use devices, no hexes magic, no poison magic, no summoning magic, missing an
eye, temperature sensitive, AC +14
a: Draw Out Power, Power Leap, Apocalypse, Renounce Religion


You were on level 13 of the Dungeon.
You worshipped Ru.
Ru was exalted by your worship.
You were not hungry.

You visited 2 branches of the dungeon, and saw 19 of its levels.
You also visited: Sewer and Ice Cave.

You collected 1716 gold pieces.
You spent 158 gold pieces at shops.

Inventory:

Hand Weapons
 g - a +4 scimitar of holy wrath
 F - a +1 dagger of venom
 H - a +3 long sword of draining
 L - a +4 scimitar of flaming (weapon)
 S - the +8 great sword "Fithraiso" {flame, *Slow rF+ Str+4}
   (You found it on level 5 of the Lair of Beasts)

   It has been specially enchanted to burn those struck by it, causing extra
   injury to most foes and up to half again as much damage against particularly
   susceptible opponents.
   Big, fiery blades are also staple armaments of hydra-hunters.
   It affects your strength (+4).
   It protects you from fire.
   It may slow you when you take damage.
Missiles
 c - 50 poisoned darts (quivered)
 i - 4 silver boomerangs
 o - 11 curare-tipped darts
 p - 2 atropa-tipped darts
 G - 6 throwing nets
Armour
 I - a cursed +0 pair of gloves (worn)
 K - the +3 hat of Pondering {ponderous, MR+ MP+10 Int+5}
   (You took it off Gastronok on level 2 of the Lair of Beasts)

   It affects your intelligence (+5).
   It affects your resistance to hostile enchantments.
   It affects your magic capacity (+10).
 M - a +0 shield (worn)
 N - a scarf of cloud immunity (worn)
Jewellery
 b - the ring "Jasyapp" (left hand) {rC+ Str+4 Dex+2}
   (You found it in an ice cave)

   [ring of protection from cold]

   It affects your strength (+4).
   It affects your dexterity (+2).
   It protects you from cold.
 h - the ring "Soiriblo" (right hand) {*Drain rN+ Slay+3 Stlth+}
   (You took it off a big kobold on level 7 of the Dungeon)

   [ring of stealth]

   It affects your accuracy and damage with ranged weapons and melee attacks
   (+3).
   It protects you from negative energy.
   It causes draining when unequipped.
   It makes you more stealthy.
 m - an uncursed ring of protection from cold
 t - an uncursed ring of see invisible
 T - an amulet of magic regeneration (around neck)
 Z - an uncursed ring of positive energy
Scrolls
 e - 2 scrolls of amnesia
 l - 6 scrolls of enchant armour
 n - a scroll of silence
 s - 7 scrolls of enchant weapon
 y - a scroll of fear
 A - 5 scrolls of remove curse
 C - 2 scrolls of blinking
 J - 5 scrolls of teleportation
 Q - 2 scrolls of magic mapping
Potions
 d - a potion of might
 j - 6 potions of heal wounds
 q - 4 potions of haste {unknown}
 r - 5 potions of brilliance {unknown}
 u - 6 potions of flight {unknown}
 v - a potion of agility
 w - 11 potions of curing
 z - a potion of cancellation {unknown}
 B - 5 potions of resistance {unknown}
 E - 3 potions of magic
 O - 3 potions of berserk rage
 P - a potion of mutation {unknown}
 R - 4 potions of lignification {unknown}
 V - 2 potions of invisibility {unknown}
Books
 a - a manual of Necromancy
Comestibles
 f - 36 rations
 k - 7 chunks of flesh


   Skills:
 + Level 13.5(12.0) Fighting
 - Level 3.2(7.0) Short Blades
 + Level 11.7(10.5) Long Blades
   Level 2.6(1.5) Maces & Flails
 - Level 1.7(0.7) Throwing
 + Level 11.5(10.1) Dodging
 + Level 12.9(11.4) Stealth
 * Level 11.3(10.0) Shields


You had 14 spell levels left.
You didn't know any spells.
Your spell library contained the following spells:

 Spells                   Type           Power        Failure   Level  Hunger
 Freeze                   Ice            #...         50%         1    ##.....
 Excruciating Wounds      Chrm/Necr      #.........   100%        5    ######.
 Deflect Missiles         Chrm/Air       #.........   100%        6    #######
 Corona                   Hex            Unusable     N/A         1    N/A
 Ensorcelled Hibernation  Hex/Ice        Unusable     N/A         2    N/A
 Confuse                  Hex            Unusable     N/A         3    N/A
 Dazzling Flash           Conj/Hex       Unusable     N/A         3    N/A
 Recall                   Summ/Tloc      Unusable     N/A         3    N/A
 Tukima's Dance           Hex            Unusable     N/A         3    N/A
 Cause Fear               Hex            Unusable     N/A         4    N/A
 Aura of Abjuration       Summ           Unusable     N/A         5    N/A
 Silence                  Hex/Air        Unusable     N/A         5    N/A
 Summon Demon             Summ           Unusable     N/A         5    N/A
 Summon Forest            Summ/Tloc      Unusable     N/A         5    N/A
 Summon Mana Viper        Hex/Summ       Unusable     N/A         5    N/A
 Yara's Violent Unravell  Hex/Tmut       Unusable     N/A         5    N/A
 Shadow Creatures         Summ           Unusable     N/A         6    N/A
 Discord                  Hex            Unusable     N/A         8    N/A

Dungeon Overview and Level Annotations

Branches:
Dungeon (13/15)            Temple (0/1) D:6            Lair (6/6) D:10
  Swamp (0/4) Lair:4        Snake (0/4) Lair:2          Orc (0/2) D:11
 Vaults (0/5) D:13          Sewer (visited)           IceCv (visited)
  Slime: Lair:5-6

Altars:
Elyvilon
Fedhas
Gozag
Hepliaklqana
Kikubaaqudgha
Okawaru
Qazlal
Ru
Trog
Vehumet
Yredelemnul
The Shining One

Shops:
D:8 *

Annotations:
D:9 2 transporters, MirrMurr's ghost, novice SpEn
D:13 2 transporters, Jorgrun; Yntawip's ghost, journeyman TrMo
Lair:1 exclusion: 3 oklob plants
Lair:5 exclusion: 3 oklob plants


Innate Abilities, Weirdness & Mutations

You can walk through water.
Your dull iron-grey scales are very hard. (AC +14)
You cannot fit into any form of body armour.
You can survive without breathing.
You are cold-blooded and may be slowed by cold attacks.
You cannot study or use magical devices.
You cannot study or cast Hexes magic.
You cannot study or cast Poison magic.
You cannot study or cast Summoning magic.
You are missing an eye, making it more difficult to aim.
You are sensitive to extremes of temperature. (rF-, rC-)


Message History

The vault guard hits you with a +0 war axe!
* * * LOW HITPOINT WARNING * * *
You focus your will and illuminate the vault guard in retribution!
Jorgrun hits you with a +0 quarterstaff of crushing.
* * * LOW HITPOINT WARNING * * *
x2 You focus your will and blind Jorgrun in retribution!
Unknown command.
Unknown command.
You catch the helpless Jorgrun completely off-guard!
You hit Jorgrun but do no damage.
Jorgrun is almost dead.
The vault guard misses you. You block the vault guard's attack.
Jorgrun begins to cast a spell, but is stunned by your will!
Unknown command.
You barely miss Jorgrun.
Jorgrun is almost dead.
The troll is no longer paralysed.
You block Jorgrun's attack.
The troll is stunned by your will and fails to attack.
The vault guard hits you with a +0 war axe!
You die...

...'.#..##...##..#....# #.#
...#.#..#8...8#..#....# #.#
.....#W.##...##zW#....# #.#
..)..#WZ......Zzy#....## #.#
.....#zW.....ZyWW#.....# #.#
.....#############†.#....?....#
...........©......(.#.#.#######
...........%..).)g..#.# .#
###............p@.###.# .#
#......#p..).(pT# #.# .#
#.######.######.# #.# # #.# .#
#T'. .. #.# .# #....#
###.#####p.p #......
.........p∩p ..#####.
#########pp #.# ..


You could see Jorgrun (blind), 3 vault guards, 2 skeletal warriors, 2 freezing
wraiths, 2 trolls, 2 vampire mosquitoes, Yntawip's ghost, a hornet zombie and a
meliai zombie.

Vanquished Creatures
  Gastronok (Lair:2)
  A frost giant (IceCv)
  Snorg (D:10)
  Harold (Lair:2)
  Erolcha (D:11)
  5 vault guards (D:13)
  6 hydras
  2 centaur warriors (D:13)
  Erica (D:11)
  3 death yaks (IceCv)
  3 two-headed ogres
  Nergalle (Lair:2)
  Sonja (Lair:6)
  2 deep elf magi
  5 ugly things
  An oklob plant (Lair:1)
  6 manticores
  2 cyclopes
  10 elephants
  An ice statue (IceCv)
  29 spiny frogs
  2 centaur skeletons
  A kobold demonologist (D:13)
  2 gargoyles (D:12)
  6 komodo dragons
  2 rime drakes (D:13)
  A tengu conjurer (D:12)
  A merfolk (D:9)
  2 bog bodies (Lair:4)
  3 trolls
  4 slime creatures
  3 tyrant leeches (Lair:6)
  14 polar bears (IceCv)
  27 blink frogs
  7 dream sheep (Lair:4)
  9 hippogriffs
  A shadow (D:13)
  Sigmund (D:2)
  43 yaks
  5 wyverns
  A basilisk (Lair:1)
  2 wraiths
  A human (shapeshifter) (D:13)
  2 hungry ghosts
  6 vampire mosquitoes
  Menkaure (D:3)
  A soldier ant (D:11)
  An acid dragon (D:12)
  6 nagas (Lair:2)
  12 water moccasins
  7 porcupines
  A sky beast (D:9)
  2 black bears
  8 orc warriors
  4 ice beasts
  2 phantoms
  9 ogres
  4 necrophages
  21 wolves
  8 centaurs
  13 crocodiles
  3 big kobolds
  16 bullfrogs
  A gnoll sergeant (D:9)
  3 wyvern zombies (D:11)
  A wyvern skeleton (D:10)
  5 scorpions
  8 killer bees
  9 wights
  4 electric eels
  4 crimson imps
  9 howler monkeys
  2 bullfrog zombies
  4 centaur zombies
  2 quasits
  4 orc priests
  11 hounds
  3 jellies
  5 bullfrog skeletons
  9 orc wizards
  An iguana (D:7)
  Natasha (thrice) (D:3)
  8 worker ants
  2 hound zombies
  A hound skeleton (D:7)
  A worker ant zombie (D:3)
  5 gnolls (D:9)
  12 adders
  5 river rats
  3 shadow imps
  2 oozes
  2 adder zombies
  5 worms
  An adder skeleton (D:8)
  A dart slug (D:4)
  6 leopard geckos
  32 orcs
  10 giant cockroaches
  3 hobgoblins (D:1)
  5 jackals
  23 kobolds
  3 ball pythons
  8 bats
  8 frilled lizards
  3 goblins
  A leopard gecko zombie (D:8)
  4 quokka skeletons
  6 rats
  A fungus (Lair:6)
  7 plants (Lair:6)
604 creatures vanquished.

Vanquished Creatures (others)
  2 spiny frogs (Lair:6)
  A polar bear (IceCv)
  2 blink frogs
  A naga (Lair:2)
  An ogre (D:11)
  2 wolves
  A bullfrog (Lair:6)
  A hound (D:10)
  An orc priest (D:10)
  3 orcs
  A giant cockroach (D:4)
  5 fungi
  36 plants
57 creatures vanquished.

Grand Total: 661 creatures vanquished

Notes
Turn   | Place    | Note
-------+----------+-------------------------------------------
     0 | D:1      | floatRand the Draconian Assassin began the quest for the
                  | Orb.
     0 | D:1      | Reached XP level 1. HP: 17/17 MP: 1/1
    94 | D:1      | You fall into a shaft and drop 1 floor!
   134 | D:2      | Reached skill level 1 in Dodging
   229 | D:1      | Reached XP level 2. HP: 25/25 MP: 2/2
   634 | D:1      | Reached XP level 3. HP: 18/30 MP: 3/3
  1063 | D:2      | Reached skill level 3 in Fighting
  1063 | D:2      | Reached skill level 1 in Maces & Flails
  1063 | D:2      | Reached XP level 4. HP: 32/38 MP: 4/4
  1120 | D:2      | Noticed Sigmund
  1168 | D:2      | Killed Sigmund
  1168 | D:2      | Reached XP level 5. HP: 40/46 MP: 5/5
  1295 | D:2      | Found a sacrificial altar of Ru.
  1319 | D:2      | Became a worshipper of Ru the Awakened
  1722 | D:2      | Reached skill level 4 in Fighting
  1722 | D:2      | Reached skill level 5 in Stealth
  1722 | D:2      | Reached XP level 6. HP: 42/52 MP: 6/6
  1898 | D:3      | Found a transporter.
  1899 | D:3      | Noticed Natasha
  1907 | D:3      | Killed Natasha
  1930 | D:3      | Found a transporter.
  1930 | D:3      | Found a basalt altar of Yredelemnul.
  1935 | D:3      | Noticed Menkaure
  1942 | D:3      | Found an ancient bone altar of Kikubaaqudgha.
  1943 | D:3      | Noticed Natasha
  1967 | D:3      | Killed Natasha
  2050 | D:3      | Noticed Natasha
  2065 | D:3      | Killed Natasha
  2115 | D:3      | Found a radiant altar of Vehumet.
  2364 | D:3      | Found a glowing drain.
  2409 | Sewer    | Entered a sewer
  2446 | Sewer    | Gained mutation: You cannot study or use magical devices.
                  | [Ru sacrifice]
  2446 | Sewer    | Reached * piety under Ru
  2446 | Sewer    | Reached ** piety under Ru
  2724 | Sewer    | Your scales start taking on a dull iron-grey colour.
  2724 | Sewer    | Reached XP level 7. HP: 58/60 MP: 7/7
  2724 | Sewer    | Gained mutation: You can survive without breathing. [Grey
                  | Draconian growth]
  2745 | Sewer    | Found a white marble altar of Elyvilon.
  3175 | D:3      | Killed Menkaure
  3175 | D:3      | Reached skill level 5 in Fighting
  3859 | D:4      | Found a white marble altar of Elyvilon.
  3894 | D:4      | Reached skill level 1 in Long Blades
  3930 | D:4      | Found a hazy altar of Hepliaklqana.
  4295 | D:5      | Entered Level 5 of the Dungeon
  4295 | D:5      | Found an opulent altar of Gozag.
  4381 | D:5      | Reached XP level 8. HP: 68/68 MP: 8/8
  4409 | D:5      | Found an iron altar of Okawaru.
  4410 | D:5      | Found a bloodstained altar of Trog.
  4410 | D:5      | Found a stormy altar of Qazlal.
  4411 | D:5      | Found a glowing golden altar of the Shining One.
  4504 | D:5      | Found a blossoming altar of Fedhas.
  4960 | D:6      | Reached skill level 6 in Fighting
  5159 | D:6      | Found a staircase to the Ecumenical Temple.
  5452 | D:7      | Got a transparent flail
  5457 | D:7      | Identified the cursed +2 flail of Ysteh {crush, +Fly rC+
                  | MR-} (You found it on level 7 of the Dungeon)
  5525 | D:7      | Noticed a hippogriff
  5534 | D:7      | Killed a hippogriff
  5534 | D:7      | Reached skill level 5 in Dodging
  5634 | D:7      | Reached XP level 9. HP: 18/77 MP: 9/9
  5961 | D:7      | Noticed a manticore
  6087 | D:7      | Killed a manticore
  6087 | D:7      | Reached skill level 7 in Fighting
  6636 | D:7      | Noticed a manticore
  7038 | D:7      | Noticed a green ugly thing
  7325 | D:7      | Killed a manticore
  7325 | D:7      | Reached skill level 5 in Long Blades
  7345 | D:7      | Noticed a six-headed hydra
  7356 | D:7      | Killed a six-headed hydra
  7356 | D:7      | Reached skill level 8 in Fighting
  7365 | D:7      | Noticed a white ugly thing
  7788 | D:8      | Reached XP level 10. HP: 66/87 MP: 10/10
  8315 | D:8      | Found Ynousmim's Assorted Antiques.
  8318 | D:8      | Bought a blue potion for 18 gold pieces
  8318 | D:8      | Bought a blackened blue amulet for 100 gold pieces
  8318 | D:8      | Bought a scroll of identify for 40 gold pieces
  8649 | D:9      | Noticed MirrMurr's ghost (novice SpEn)
  8650 | D:9      | Found a transporter.
  8655 | D:9      | Found a transporter.
  9363 | D:9      | Reached skill level 9 in Fighting
  9661 | D:10     | Entered Level 10 of the Dungeon
  9703 | D:10     | Found an opulent altar of Gozag.
 10697 | D:10     | Reached XP level 11. HP: 54/96 MP: 11/11
 10867 | D:10     | Found a staircase to the Lair.
 11079 | D:10     | Noticed Snorg
 11099 | D:10     | Killed Snorg
 11202 | D:11     | Noticed a purple ugly thing
 11415 | D:11     | Noticed a two-headed ogre
 11428 | D:11     | Killed a two-headed ogre
 11428 | D:11     | Reached skill level 10 in Fighting
 11643 | D:11     | Noticed Erolcha
 11812 | D:11     | Killed Erolcha
 11938 | D:11     | Noticed Erica
 11946 | D:11     | Killed Erica
 11946 | D:11     | Reached skill level 10 in Stealth
 12217 | D:11     | Found a staircase to the Orcish Mines.
 12313 | D:11     | Killed a purple ugly thing
 12498 | D:7      | Identified the ring "Soiriblo" {*Drain rN+ Slay+3 Stlth+}
 12527 | D:7      | Killed a green ugly thing
 12538 | D:7      | Killed a white ugly thing
 13342 | D:12     | Gained mutation: You are missing an eye, making it more
                  | difficult to aim. [Ru sacrifice]
 13342 | D:12     | Reached *** piety under Ru
 13367 | D:12     | Reached skill level 1 in Shields
 13495 | D:12     | Reached XP level 12. HP: 104/107 MP: 12/12
 13726 | D:12     | Reached skill level 11 in Fighting
 14870 | D:12     | Noticed a two-headed ogre
 15014 | D:12     | Killed a two-headed ogre
 15673 | Lair:1   | Entered Level 1 of the Lair of Beasts
 16095 | Lair:1   | Reached skill level 5 in Shields
 16532 | Lair:1   | Gained mutation: You are sensitive to extremes of
                  | temperature. (rF-, rC-) [Ru sacrifice]
 16532 | Lair:1   | Reached **** piety under Ru
 16532 | Lair:1   | Reached ***** piety under Ru
 17227 | Lair:2   | Noticed Gastronok
 17753 | Lair:2   | Found a staircase to the Snake Pit.
 17763 | Lair:2   | Killed Gastronok
 17811 | Lair:2   | Noticed an eight-headed hydra
 17820 | Lair:2   | Killed a two-headed hydra
 17820 | Lair:2   | Reached XP level 13. HP: 66/117 MP: 13/13
 17997 | Lair:2   | Noticed Harold
 18011 | Lair:2   | Killed Harold
 18011 | Lair:2   | Reached skill level 10 in Dodging
 18276 | Lair:2   | Noticed Nergalle
 18299 | Lair:2   | Killed Nergalle
 18572 | Lair:3   | Reached skill level 10 in Long Blades
 19083 | Lair:3   | Gained mutation: You cannot study or cast Poison magic. [Ru
                  | sacrifice]
 19083 | Lair:3   | Gained mutation: You cannot study or cast Hexes magic. [Ru
                  | sacrifice]
 19083 | Lair:3   | Gained mutation: You cannot study or cast Summoning magic.
                  | [Ru sacrifice]
 19083 | Lair:3   | Reached ****** piety under Ru
 19278 | Lair:3   | Reached skill level 12 in Fighting
 20719 | Lair:4   | Found a staircase to the Swamp.
 22017 | Lair:5   | Got an ichor-stained great sword
 22021 | Lair:5   | Identified the +8 great sword "Fithraiso" {flame, *Slow rF+
                  | Str+4} (You found it on level 5 of the Lair of Beasts)
 22702 | Lair:6   | Entered Level 6 of the Lair of Beasts
 22702 | Lair:6   | Found an opulent altar of Gozag.
 22886 | Lair:6   | Reached XP level 14. HP: 109/127 MP: 14/14
 23515 | Lair:6   | Noticed Sonja
 23521 | Lair:6   | Killed Sonja
 25504 | Lair:6   | Reached skill level 10 in Shields
 26456 | D:13     | Found a frozen archway.
 26473 | D:13     | Reached skill level 13 in Fighting
 26647 | IceCv    | Entered an ice cave
 27907 | IceCv    | Noticed a frost giant
 27931 | IceCv    | Killed a frost giant
 28201 | IceCv    | Got a pitted marble ring
 28216 | IceCv    | Identified the Collected Works on Aid and Ice
 28245 | IceCv    | Identified the ring "Jasyapp" {rC+ Str+4 Dex+2} (You found
                  | it in an ice cave)
 28388 | D:13     | Found a transporter.
 28453 | D:13     | Found a transporter.
 28453 | D:13     | Noticed Yntawip's ghost (journeyman TrMo)
 28457 | D:13     | Noticed Jorgrun
 28459 | D:13     | Found a gate to the Vaults.
 28856 | D:13     | Reached XP level 15. HP: 118/136 MP: 15/15
 29351 | D:13     | Slain by a vault guard

Levels and vault maps discovered:
D:1:      dpeg_arrival_signposts, layout_basic
D:2:      layout_loops_ring, nicolae_ru_path_of_blood, nrook_mini_vaults,
          uniq_sigmund
D:3:      layout_loops_ring, vehumet_crystals, gammafunk_temple_of_torment,
          first_ration, portal_sewer_entry_b, uniq_natasha
D:4:      layout_rooms, kennysheep_little_box, elyvilon_altar_4, st_stairs_14,
          patterned_corridor
D:5:      layout_rooms, fedhas_altar_fruit_tree, lemuel_crystal_altar,
          chequers_temple_overflow_statue_of_worship
D:6:      layout_rooms, minmay_temple_entry_mini_moons
D:7:      minmay_the_grid_octo_tiled_squarecenter [minmay_the_grid_octo_focus,
          minmay_the_grid_octo_teeth, minmay_the_grid_octo_pinwheel,
          minmay_the_grid_octo_toaster,
          minmay_the_grid_square_5x5_megaprize_crossed,
          minmay_the_grid_square_5x5_corner,
          minmay_the_grid_square_5x5_checkered_sparse,
          minmay_the_grid_square_5x5_three_small,
          minmay_the_grid_square_5x5_tetrominoes], layout_rooms
D:8:      layout_rooms, serial_shops, nicolae_shop_behind_doors
D:9:      layout_loops_ring, gammafunk_ghost_arena, hangedman_fish_farm
D:10:     layout_basic, erik_lair_island, grunt_gozag_statues, uniq_snorg
D:11:     layout_roguey, david_orc_2, uniq_erolcha, uniq_erica
D:12:     minmay_dotted_concentric_squares, layout_basic
D:13:     layout_basic, erik_vaults_2, portal_ice_cave_rime, serial_shops,
          nicolae_shop_statue_plus, gammafunk_ghost_mausoleum, uniq_jorgrun
Lair:1:   layout_cave_pods, small_statue_intersection, dpeg_stationary_puzzle,
          grunt_megastairs_3, serial_bayou_shore_a, minmay_lair_oklob_chamber
Lair:2:   layout_misc_corridors, minmay_snake_entry_guardpost_large,
          lemuel_fruit_fields, uniq_harold, uniq_gastronok, uniq_nergalle
Lair:3:   layout_cave_shapes, beast_lair_carwin_8
Lair:4:   layout_hall_layers, skrybe_swamp_entry_bodies, minivault_26
Lair:5:   layout_regular_city, minmay_slime_entry_oklob_enclosed,
          infiniplex_staircase_pool, lemuel_fruit_fields, grunt_megastairs_4
Lair:6:   minmay_lair_end_frog_pond, layout_hall_layers, basic_altar,
          serial_bayou_pond_c, uniq_sonja

Skill      XL: |  1  2  3  4  5  6  7  8  9 10 11 12 13 14 |
---------------+-------------------------------------------+-----
Dodging        | 1 2 3 4 5 6 7 9 10 11 | 11.5
Stealth        | 4 5 6 7 8 9 10 11 12 | 12.9
Fighting       | 3 4 5 6 8 9 10 11 12 13 | 13.5
Maces & Flails | 1 2 |  2.6
Short Blades   | 3 |  3.2
Long Blades    | 1 3 5 7 8 9 10 11 | 11.7
Shields        | 1 6 9 11 | 11.3
Throwing       | |  1.7

Action                   |  1- 3 |  4- 6 |  7- 9 | 10-12 | 13-15 || total
-------------------------+-------+-------+-------+-------+-------++-------
Melee: Dagger            |    43 |       |       |       |       ||    43
       Tailslap          |    10 |    25 |    38 |   149 |   191 ||   413
       Whip              |    74 |    54 |       |       |       ||   128
       Short sword       |       |   134 |    24 |       |       ||   158
       Scimitar          |       |       |   208 |   563 |  1046 ||  1817
       Long sword        |       |       |       |   253 |       ||   253
Throw: Dart              |       |     2 |    20 |       |       ||    22
       Throwing net      |       |       |     3 |       |       ||     3
       Javelin           |       |       |     1 |       |       ||     1
Invok: Sacrifice Artific |       |     1 |       |       |       ||     1
       Reject Sacrifices |       |       |     1 |       |       ||     1
       Sacrifice an Eye  |       |       |       |     1 |       ||     1
       Sacrifice Resista |       |       |       |     1 |       ||     1
       Sacrifice Arcana  |       |       |       |       |     1 ||     1
       Apocalypse        |       |       |       |       |     4 ||     4
       Power Leap        |       |       |       |       |     1 ||     1
  Use: Scroll            |     5 |     3 |    12 |     6 |     7 ||    33
       Potion            |       |       |     2 |     3 |     2 ||     7
 Stab: Sleeping          |     7 |     9 |    14 |    33 |    22 ||    85
       Distracted        |       |     1 |     1 |     7 |    18 ||    27
       Invisible         |       |       |       |     1 |    12 ||    13
       Paralysed         |       |       |       |     1 |    14 ||    15
  Eat: Chunk             |       |     6 |     9 |    53 |    30 ||    98
       Ration            |       |       |     2 |     2 |     1 ||     5
Armor: Skin              |    35 |    66 |   118 |   217 |   183 ||   619
Dodge: Dodged            |    70 |   128 |   178 |   577 |   564 ||  1517
Block: Shield            |       |       |       |   110 |   489 ||   599
       Rpst.: Scimitar   |       |       |    39 |    83 |   160 ||   282
       Long sword        |       |       |       |    58 |       ||    58

Table legend:
 A = Non-vault XP
 B = Vault XP
 C = Vault XP percentage of total XP
 D = Non-vault monster count
 E = Vault monster count
 F = Vault count percentage of total count
                 A         B        C        D         E       F
            +---------+---------+-------+---------+---------+-------
      Total |   55324 |   54243 |  49.5 |     403 |     201 |  33.3
            +---------+---------+-------+---------+---------+-------
        D:1 |      34 |       0 |   0.0 |      19 |       0 |   0.0
        D:2 |     177 |     227 |  56.2 |      20 |       1 |   4.8
        D:3 |     189 |     392 |  67.5 |      28 |      10 |  26.3
        D:4 |     201 |       0 |   0.0 |      14 |       0 |   0.0
        D:5 |     434 |       0 |   0.0 |      12 |       0 |   0.0
        D:6 |     331 |       0 |   0.0 |       7 |       0 |   0.0
        D:7 |    1081 |    3215 |  74.8 |      23 |      20 |  46.5
        D:8 |    1101 |       0 |   0.0 |      15 |       0 |   0.0
        D:9 |    1865 |     313 |  14.4 |      32 |       1 |   3.0
       D:10 |    2393 |    1835 |  43.4 |      28 |       8 |  22.2
       D:11 |    4554 |    2213 |  32.7 |      32 |       9 |  22.0
       D:12 |    5699 |    3172 |  35.8 |      31 |       8 |  20.5
       D:13 |    9802 |    4941 |  33.5 |      37 |       7 |  15.9
     Lair:1 |    3069 |    1738 |  36.2 |      17 |       6 |  26.1
     Lair:2 |    2339 |    4911 |  67.7 |       7 |      10 |  58.8
     Lair:3 |    3458 |    2127 |  38.1 |      10 |       6 |  37.5
     Lair:4 |    7986 |     530 |   6.2 |      31 |       2 |   6.1
     Lair:5 |    7067 |    1498 |  17.5 |      25 |       7 |  21.9
     Lair:6 |    3544 |   12619 |  78.1 |      15 |      47 |  75.8
      Sewer |       0 |     125 | 100.0 |       0 |       6 | 100.0
      IceCv |       0 |   14387 | 100.0 |       0 |      53 | 100.0
            +---------+---------+-------+---------+---------+-------
